 Dungeon Crawl Stone Soup version 0.24-a0-251-g44e327e (webtiles) character file.

Game seed: 14630762149405769346

142 Azureo the Chiller (level 5, 0/35 HPs)
             Began as a Human Ice Elementalist on Apr 16, 2019.
             Was a Follower of Makhleb.
             Slain by a bullfrog (8 damage)
             ... in a sewer.
             The game lasted 00:29:23 (2964 turns).

Azureo the Chiller (Human Ice Elementalist)         Turns: 2964, Time: 00:29:23

Health: 0/35       AC:  6    Str:  8    XL:     5   Next: 49%
Magic:  6/9        EV: 17    Int: 17    God:    Makhleb [*.....]
Gold:   88         SH:  0    Dex: 18    Spells: 7/10 levels left

rFire    . . .     SeeInvis .   q - +0 hunting sling
rCold    . . .     Gourm    .   (no shield)
rNeg     . . .     Faith    .   n - +1 leather armour
rPois    .         Spirit   .   j - +1 helmet
rElec    .         Reflect  .   (no cloak)
rCorr    .         Harm     .   (no gloves)
MR       .....                  (no boots)
Stlth    ++........             (no amulet)
HPRegen  0.11/turn              (no ring)
MPRegen  0.11/turn              (no ring)

@: agile, very slow
A: no striking features
a: Renounce Religion


You were in a sewer.
You worshipped Makhleb.
Makhleb was aware of your devotion.
You were not hungry.

You visited 1 branch of the dungeon, and saw 4 of its levels.
You also visited: Sewer.

You collected 88 gold pieces.

Inventory:

Hand Weapons
 b - a +0 club
 e - a +0 dagger
 f - a +0 whip
 q - a +0 hunting sling (weapon)
Missiles
 d - 9 poisoned needles
 r - 18 stones (quivered)
Armour
 a - a +0 robe
 g - a +0 robe
 j - a +1 helmet (worn)
 n - a +1 leather armour (worn)
Scrolls
 h - a scroll of blinking {unknown}
 k - 2 scrolls of fog
 p - a scroll of remove curse
Potions
 i - a potion of magic {unknown}
 l - a potion of flight {unknown}
 o - a potion of degeneration {unknown}
Comestibles
 c - a ration


   Skills:
 + Level 0.1 Fighting
 + Level 0.9 Short Blades
 - Level 0.4 Maces & Flails
 + Level 0.1 Slings
 - Level 0.1 Armour
 + Level 2.1 Dodging
 + Level 2.1 Stealth
 + Level 3.1 Spellcasting
   Level 1.0 Conjurations
 * Level 1.1 Summonings
 + Level 4.3 Ice Magic


You had 7 spell levels left.
You knew the following spells:

 Your Spells              Type           Power        Failure   Level  Hunger
a - Freeze                Ice            ###.         4%          1    None
b - Call Imp              Summ           #.......     24%         2    ##.....

Your spell library contained the following spells:

 Spells                   Type           Power        Failure   Level  Hunger
 Throw Frost              Conj/Ice       ##....       13%         2    ##.....
 Summon Small Mammal      Summ           #...         16%         1    None
 Ozocubu's Armour         Chrm/Ice       ##......     30%         3    ###....
 Call Canine Familiar     Summ           #.......     43%         3    ###....
 Summon Guardian Golem    Hex/Summ       #.......     52%         3    ###....
 Summon Ice Beast         Ice/Summ       ##......     63%         4    ####...
 Throw Icicle             Conj/Ice       ##......     63%         4    ####...
 Summon Lightning Spire   Summ/Air       #.......     89%         4    ####...


Dungeon Overview and Level Annotations

Branches:
Dungeon (4/15)
 Temple: D:4-7

Altars:
Makhleb
Wu Jian
Yredelemnul
Zin


Message History

Your crimson imp hits the bullfrog.
The bullfrog hits you. The bullfrog closely misses you.
Your crimson imp closely misses the bullfrog.
The bullfrog hits you. The bullfrog hits you.
The bullfrog hits you but does no damage.
Your crimson imp hits the bullfrog.
The bullfrog hits you.
The bullfrog releases a deep croak.
The bullfrog hits you.
* * * LOW HITPOINT WARNING * * *
Your crimson imp closely misses the bullfrog.
The bullfrog barely misses you.
The bullfrog hits you but does no damage.
The bullfrog hits you.
* * * LOW HITPOINT WARNING * * *
You feel agile all of a sudden.
The bullfrog misses you. x2; Your crimson imp misses the bullfrog.
The bullfrog closely misses you. The bullfrog hits you!
You die...

#.# #.≈≈≈≈≈≈≈≈≈%.≈≈≈≈≈
#.# #∩#
#.≈≈≈≈≈≈≈≈[/?.≈≈≈≈ #.#
#.# #.≈≈≈≈≈≈≈.≈(.≈≈≈≈≈#
#.# ###
#.≈≈≈≈≈≈..≈≈≈≈≈≈≈≈# #.#
#.≈≈≈≈≈≈≈≈≈≈..≈≈≈≈# #.#
#.≈≈≈≈≈≈.≈5.≈.≈≈≈# #≈#
#.†≈≈†≈≈≈≈≈.≈.∩≈≈# #≈#
#.≈≈≈≈≈≈≈FF≈≈≈≈≈≈# #≈#
#.†≈≈≈≈≈≈≈@≈≈≈≈≈## #≈#
#.≈≈≈≈≈≈≈≈≈≈≈≈≈≈# #.#
#.≈≈≈.≈≈≈≈≈≈≈≈≈## #≈#
#.≈≈≈.≈≈≈≈≈≈≈≈########≈#
#.≈≈≈≈..≈≈≈≈≈≈≈≈≈≈.≈≈≈.#
#.≈≈≈≈≈≈≈≈≈≈≈≈≈≈≈≈≈§≈≈≈#
#.≈≈≈≈≈≈≈≈≈≈≈≈≈≈≈≈≈≈≈≈.#
#..≈≈≈≈≈≈≈≈≈≈≈≈≈≈≈≈≈≈≈.#
##.....≈≈≈≈≈≈≈.≈...†...#


You could see 2 bullfrogs and a friendly crimson imp.

Vanquished Creatures
  2 adders
  A shadow imp (D:3)
  2 worms (D:2)
  3 dart slugs
  5 leopard geckos
  2 orcs (D:3)
  7 giant cockroaches
  2 gnoll zombies (D:2)
  12 goblins
  7 hobgoblins
  2 jackals (D:3)
  2 ball pythons
  10 bats
  5 frilled lizards
  8 kobolds
  3 rats
73 creatures vanquished.

Vanquished Creatures (collateral kills)
  An adder (D:3)
  An ooze (D:3)
  A leopard gecko (D:3)
  An orc (D:3)
  2 giant cockroaches (Sewer)
  A goblin (D:3)
  A hobgoblin (D:3)
  5 jackals (D:3)
  A rat (D:3)
14 creatures vanquished.

Grand Total: 87 creatures vanquished

Notes
Turn   | Place    | Note
-------+----------+-------------------------------------------
     0 | D:1      | Azureo the Human Ice Elementalist began the quest for the
                  | Orb.
     0 | D:1      | Reached XP level 1. HP: 13/13 MP: 3/3
    90 | D:1      | Reached XP level 2. HP: 18/19 MP: 0/5
   262 | D:1      | Reached XP level 3. HP: 8/24 MP: 3/6
  1281 | D:2      | Reached XP level 4. HP: 27/30 MP: 3/7
  1303 | D:2      | Found an ornate altar of the Wu Jian Council.
  1303 | D:2      | Found a glowing silver altar of Zin.
  1304 | D:2      | Found a burning altar of Makhleb.
  1319 | D:2      | Became a worshipper of Makhleb the Destroyer
  1479 | D:2      | Reached skill level 4 in Ice Magic
  1809 | D:2      | Found a basalt altar of Yredelemnul.
  1855 | D:3      | Learned a level 2 spell: Call Imp
  2124 | D:3      | Reached * piety under Makhleb
  2300 | D:3      | Reached XP level 5. HP: 13/35 MP: 5/9
  2764 | D:4      | Found a glowing drain.
  2777 | Sewer    | Entered a sewer
  2790 | Sewer    | Reached skill level 1 in Summonings
  2955 | Sewer    | Noticed a bullfrog
  2956 | Sewer    | Noticed a bullfrog
  2964 | Sewer    | Slain by a bullfrog

Levels and vault maps discovered:
D:1:      dpeg_arrival_radiant, layout_rooms
D:2:      layout_rooms, lemuel_zombie_altar_yredelemnul,
          gammafunk_temple_overflow_forgotten, first_ration, lemuel_statue_altar
D:3:      layout_basic, chequers_serial_rivers_large_a
D:4:      layout_cave_pods, cheibrodos_sewer_entry_sluice
Sewer:    sewer_frog_island_01

Skill      XL: |  1  2  3  4  5 |
---------------+----------------+-----
Ice Magic      | 4 |  4.3
Spellcasting   | 3 |  3.1
Summonings     | 1 |  1.1
Fighting       | |  0.1
Short Blades   | |  0.9
Maces & Flails | |  0.4
Slings         | |  0.1
Armour         | |  0.1
Dodging        | |  2.1
Stealth        | |  2.1
Conjurations   | |  1.0

Action                   |  1- 3 |  4- 6 || total
-------------------------+-------+-------++-------
Melee: Club              |    12 |       ||    12
       Dagger            |    33 |    78 ||   111
 Fire: Hunting sling     |       |     6 ||     6
 Cast: Freeze            |    47 |    56 ||   103
       Call Imp          |       |    19 ||    19
  Use: Scroll            |     4 |     4 ||     8
       Potion            |       |     1 ||     1
  Eat: Ration            |     1 |     2 ||     3
Armor: Robe              |    26 |     3 ||    29
       Ring mail         |       |     8 ||     8
       Leather armour    |       |    18 ||    18
Dodge: Dodged            |    49 |    69 ||   118

Table legend:
 A = Non-vault XP
 B = Vault XP
 C = Vault XP percentage of total XP
 D = Non-vault monster count
 E = Vault monster count
 F = Vault count percentage of total count
                 A         B        C        D         E       F
            +---------+---------+-------+---------+---------+-------
      Total |     170 |      33 |  16.3 |      69 |      18 |  20.7
            +---------+---------+-------+---------+---------+-------
        D:1 |      35 |       0 |   0.0 |      20 |       0 |   0.0
        D:2 |      54 |       3 |   5.3 |      23 |       2 |   8.0
        D:3 |      77 |       0 |   0.0 |      25 |       0 |   0.0
        D:4 |       4 |       1 |  20.0 |       1 |       1 |  50.0
      Sewer |       0 |      29 | 100.0 |       0 |      15 | 100.0
            +---------+---------+-------+---------+---------+-------
